 Dungeon Crawl Stone Soup version 0.32-a0-576-g706899e69d (webtiles) character file.

Game seed: 499943267226813521

471 jasper the Cleaver (level 6, -1/51 HPs)
             Began as a Mountain Dwarf Fighter on Mar 1, 2024.
             Was an Initiate of Gozag.
             Slain by an ogre
             ... wielding a +0 giant spiked club
              (21 damage)
             ... on level 4 of the Dungeon.
             The game lasted 00:09:11 (3499 turns).

jasper the Cleaver (Mountain Dwarf Fighter)         Turns: 3499, Time: 00:09:12

Health: -1/51      AC: 10    Str: 21    XL:     6   Next: 83%
Magic:  6/6        EV:  7    Int:  8    God:    Gozag
Gold:   445        SH:  4    Dex:  9    Spells: 5/5 levels left

rFire   . . .        a - +1 war axe (heavy)
rCold   . . .        c - +0 buckler
rNeg    . . .        g - +0 chain mail
rPois   .            i - +0 helmet
rElec   .            (no cloak)
rCorr   .            (no gloves)
SInv    .            (no boots)
Will    .....        (no amulet) Stlth
                     (no ring)
HPRegen 0.28/turn    (no ring)
MPRegen 0.10/turn

%: no passive effects
@: no status effects
A: runic magic, artefact enchanting
a: Renounce Religion, Potion Petition, Call Merchant, Bribe Branch


You were on level 4 of the Dungeon.
You worshipped Gozag.
Gozag was aware of your devotion.
You visited 1 branch of the dungeon, and saw 4 of its levels.

You collected 526 gold pieces.
You paid 81 gold pieces to Gozag.

Inventory:

Hand Weapons
 a - a +1 heavy war axe (weapon)
 d - a +0 morningstar
Missiles
 e - 34 stones (quivered)
 p - 10 poisoned darts
Armour
 b - a +0 scale mail
 c - a +0 buckler (worn)
 g - a +0 chain mail (worn)
 i - a +0 helmet (worn)
Jewellery
 f - an amulet of magic regeneration
Wands
 m - a wand of roots (15)
 t - a wand of mindburst (4)
Scrolls
 j - 2 scrolls of fear
 l - a scroll of torment {unknown}
 n - a scroll of teleportation
 q - 3 scrolls of identify
 s - a scroll of revelation
Potions
 h - a potion of berserk rage {unknown}
 k - 3 potions of brilliance
 o - a potion of invisibility {unknown}
 r - a potion of heal wounds {unknown}


   Skills:
 - Level 3.2 Fighting
 + Level 9.0 Axes
 - Level 3.2 Armour
 - Level 3.2 Shields


You had 5 spell levels left.
You didn't know any spells.
Your spell library was empty.

Dungeon Overview and Level Annotations

Branches:
Dungeon (4/15)
 Temple: D:4-7

Altars:
Fedhas
Gozag
Kikubaaqudgha


Innate Abilities, Weirdness & Mutations

Your spellcasting is much less encumbered by armour.
You can use scrolls of enchantment on lesser artefacts.


Message History

You now have 437 gold pieces (gained 8).
Found a robe.
Health restored: 51 You see here a +0 robe.
Found a stone staircase leading down.
You now have 445 gold pieces (gained 8).
An ogre comes into view. It is wielding a +0 giant spiked club.
The ogre shouts!
An ogre is nearby!
Throw: 38 stones
Press: ? - help, Q - select action, (/) - cycle Shift-Dir - straight line, f - ogre
Aim: an ogre, wielding a +0 giant spiked club (69% to hit)
You throw a stone. The stone barely misses the ogre.
Throw: 37 stones
Press: ? - help, Q - select action, (/) - cycle Shift-Dir - straight line, f/p - ogre
Aim: an ogre, wielding a +0 giant spiked club (69% to hit)
You throw a stone. The stone barely misses the ogre.
Throw: 36 stones
Press: ? - help, Q - select action, (/) - cycle Shift-Dir - straight line, f/p - ogre
Aim: an ogre, wielding a +0 giant spiked club (69% to hit)
You throw a stone. The stone completely misses the ogre.
Throw: 35 stones
Press: ? - help, Q - select action, (/) - cycle Shift-Dir - straight line, f/p - ogre
Aim: an ogre, wielding a +0 giant spiked club (69% to hit)
You throw a stone. The stone barely misses the ogre.
Aiming: Fastroot
Press: ? - help, Shift-Dir - straight line, f/p - ogre
Aim: an ogre, wielding a +0 giant spiked club The roots erupt in riotous growth!
Roots grab the ogre.
The grasping roots constrict the ogre.
The ogre hits you with a +0 giant spiked club!!
Ouch! That really hurt!
You take 31 damage, and have 20/51 hp.
MASSIVE DAMAGE!!
You slash the ogre!
The ogre is severely wounded.
The grasping roots constrict the ogre!
The ogre hits you with a +0 giant spiked club!!
You die...
Your body crumbles into a pile of gold.

#....# #.#......##.#
# +....
#.#..###.##.###..
#....
#.##...#.##.[...#
#...
#.##.#.......####
#..
####....##..###.#
+.....#####.##..# .
# #.......>...##
....#.##.###########
......O@.#
#####.#### #


You could see an ogre (rooted).

Vanquished Creatures
  Duvessa (D:4)
  An ogre (D:4)
  A hound (D:4)
  2 orc priests (D:3)
  Terence (D:2)
  Robin (D:2)
  3 gnolls (D:3)
  5 adders
  A dart slug (D:2)
  3 orcs (D:3)
  8 ball pythons
  6 endoplasms
  3 giant cockroaches
  7 hobgoblins
  2 quokkas
  7 bats
  5 frilled lizards
  17 goblins
  11 kobolds
  6 rats
91 creatures vanquished.

Notes
Turn   | Place    | Note
-------+----------+-------------------------------------------
     0 | D:1      | jasper the Mountain Dwarf Fighter began the quest for the
                  | Orb.
     0 | D:1      | Reached XP level 1. HP: 19/19 MP: 1/1
   138 | D:1      | Reached skill level 3 in Axes
   185 | D:1      | Reached XP level 2. HP: 17/26 MP: 2/2
  1072 | D:2      | Reached skill level 4 in Axes
  1365 | D:2      | Reached XP level 3. HP: 31/31 MP: 3/3
  1432 | D:2      | Found an ancient bone altar of Kikubaaqudgha.
  1451 | D:2      | Noticed Terence
  1468 | D:2      | Killed Terence
  1469 | D:2      | Reached skill level 5 in Axes
  1736 | D:2      | Noticed Robin
  1749 | D:2      | Reached XP level 4. HP: 34/38 MP: 4/4
  1755 | D:2      | Killed Robin
  2273 | D:3      | Reached skill level 6 in Axes
  2346 | D:3      | Found an opulent altar of Gozag.
  2351 | D:3      | Became a worshipper of Gozag Ym Sagoz the Greedy
  2464 | D:3      | Reached XP level 5. HP: 39/45 MP: 5/5
  2562 | D:3      | Reached skill level 7 in Axes
  3133 | D:4      | Found a blossoming altar of Fedhas.
  3219 | D:4      | Noticed Duvessa
  3244 | D:4      | Killed Duvessa
  3245 | D:4      | Reached skill level 8 in Axes
  3245 | D:4      | Reached XP level 6. HP: 36/51 MP: 6/6
  3351 | D:4      | Reached skill level 9 in Axes
  3499 | D:4      | Slain by an ogre

Illustrated notes

Levels and vault maps discovered:
D:1:      tarquinn_simple_flora_water_c, layout_basic
D:2:      layout_basic, basic_altar, uniq_robin, uniq_terence
D:3:      layout_basic, nicolae_gozag_cash_rules_everything_around_me
D:4:      layout_basic, fedhas_altar_1, lexackson_kobold_supper, uniq_duvessa

Skill      XL: |  1  2  3  4  5  6 |
---------------+-------------------+-----
Axes           | 3 4 5 6 8 9 |  9.0
Fighting       | |  3.2
Armour         | |  3.2
Shields        | |  3.2

Action                     |  1- 3 |  4- 6 || total
---------------------------+-------+-------++-------
  Melee: War axe           |    85 |   142 ||   227
         Morningstar       |    39 |       ||    39
  Throw: Stone             |     2 |    10 ||    12
         Dart              |       |     1 ||     1
  Evoke: Wand              |       |     4 ||     4
    Use: Scroll            |     5 |     3 ||     8
         Potion            |     1 |       ||     1
 Armour: Scale mail        |    58 |       ||    58
         Chain mail        |    70 |   167 ||   237
  Dodge: Dodged            |    73 |    64 ||   137
  Block: Buckler           |    32 |    40 ||    72

Table legend: (Time is in decaauts)
 A = Elapsed time spent in this place.
 B = Non-inter-level travel time spent in this place.
 C = Inter-level travel time spent in this place.
 D = Time resting spent in this place.
 E = Time spent auto-exploring this place.
 F = Levels seen in this place.
 G = Mean time per level.
                   A        B        C        D        E       F      G
               +--------+--------+--------+--------+--------+-----+--------+
         Total |   3690 |   3455 |    235 |    549 |   1338 |   4 |  922.5 |
       Dungeon |   3690 |   3455 |    235 |    549 |   1338 |   4 |  922.5 |
               +--------+--------+--------+--------+--------+-----+--------+

Top non-repeatable levels by time:
     D:2: 1276 daAuts
     D:1: 1071 daAuts
     D:3: 886 daAuts
     D:4: 455 daAuts
